 Dungeon Crawl Stone Soup version 0.29.1-13-g9f3cf754e1 (webtiles) character file.

Game seed: 10631121115082313672

22 Thatpatchoflichen the Shooter (level 2, 0/17 HPs)
             Began as a Deep Elf Hunter on Jan 25, 2023.
             Succumbed to an adder's poison
             ... on level 2 of the Dungeon.
             The game lasted 00:03:37 (1207 turns).

Thatpatchoflichen the Shooter (Deep Elf Hunter)     Turns: 1207, Time: 00:03:38

Health: 0/17       AC:  3    Str:  8    XL:     2   Next: 68%
Magic:  4/4        EV: 12    Int: 13    God:
Gold:   59         SH:  0    Dex: 18    Spells: 1/1 levels left

rFire   . . .      SeeInvis .   a - +0 shortbow
rCold   . . .      Faith    .   (shield currently unavailable)
rNeg    . . .      Spirit   .   c - +0 leather armour
rPois   +          Reflect  .   (no helmet)
rElec   .          Harm     .   (no cloak)
rCorr   +          Rampage  .   (no gloves)
Will    .....                   (no boots)
Stlth   ++........              (no amulet)
HPRegen 0.05/turn               f - ring of resist corrosion
MPRegen 0.09/turn               i - ring of poison resistance

@: brilliant, lethally poisoned (0 -> -3), flying, hasted, very quick
A: no striking features
a: no special abilities


You were on level 2 of the Dungeon.
You visited 1 branch of the dungeon, and saw 2 of its levels.

You collected 59 gold pieces.

Inventory:

Hand Weapons
 a - a +0 shortbow (weapon)
Armour
 c - a +0 leather armour (worn)
Jewellery
 f - a ring of resist corrosion (left hand)
 i - a ring of poison resistance (right hand)
Scrolls
 b - a scroll of immolation
 d - a scroll of fear {unknown}
 e - a scroll of teleportation {unknown}
 g - 2 scrolls of enchant weapon {unknown}
Potions
 j - a potion of flight


   Skills:
 + Level 1.9 Fighting
 + Level 5.6 Ranged Weapons
 + Level 3.0 Dodging
 - Level 2.0 Stealth


You had one spell level left.
You didn't know any spells.
Your spell library was empty.

Dungeon Overview and Level Annotations

Branches:
Dungeon (2/15)

Altars:


Message History

Aim: an adder (severely wounded, 46% to hit)
You shoot an arrow. The arrow closely misses the adder.
The adder barely misses you. The adder closely misses you.
Fire: a) +0 shortbow
Press: ? - help, Q - select action Shift-Dir - straight line, f/p - adder
Aim: an adder (severely wounded, 46% to hit)
You shoot an arrow. The arrow closely misses the adder.
The adder bites you.
Unknown command.
Fire: a) +0 shortbow
Press: ? - help, Q - select action Shift-Dir - straight line, f/p - adder
Aim: an adder (severely wounded, 46% to hit)
You shoot an arrow. The arrow barely misses the adder.
The adder barely misses you. The adder bites you.
Unknown command.
Fire: a) +0 shortbow
Press: ? - help, Q - select action Shift-Dir - straight line, f/p - adder
Aim: an adder (severely wounded, 46% to hit)
You shoot an arrow. The arrow misses the adder.
The adder closely misses you. The adder bites you.
You are lethally poisoned!
The adder poisons you!
Fire: a) +0 shortbow
Press: ? - help, Q - select action Shift-Dir - straight line, f/p - adder
Aim: an adder (severely wounded, 46% to hit)
You shoot an arrow. The arrow completely misses the adder.
* * * LOW HITPOINT WARNING * * *
You feel sick. The adder bites you.
* * * LOW HITPOINT WARNING * * *
It was a potion of flight.
You feel very buoyant.
You fly up into the air.
* * * LOW HITPOINT WARNING * * *
You feel sick. The adder misses you. The adder closely misses you.
It was a potion of brilliance.
You feel clever all of a sudden.
* * * LOW HITPOINT WARNING * * *
You feel sick. The adder bites you but does no damage.
It was a potion of haste.
You feel yourself speed up.
You die...

#..# #..# .. #..#
#.# #. #..# ..##.#
#..# ....#
#..###### #..#
#.S......
#.######@#####
#............#
#...###..###$#
#...###.##
#####.........
#####....#.##..###
.............>...#
#####.##[#.##.#.##
.....<#..#.##.#...


You could see an adder.

Vanquished Creatures
  3 bats (D:1)
  An endoplasm (D:1)
  3 goblins (D:1)
  3 hobgoblins (D:1)
  2 kobolds (D:1)
  A quokka (D:1)
  2 ball pythons (D:1)
  4 rats (D:1)
19 creatures vanquished.

Notes
Turn   | Place    | Note
-------+----------+-------------------------------------------
     0 | D:1      | Thatpatchoflichen the Deep Elf Hunter began the quest for
                  | the Orb.
     0 | D:1      | Reached XP level 1. HP: 12/12 MP: 3/3
   228 | D:1      | Reached XP level 2. HP: 17/17 MP: 4/4
   582 | D:1      | Found a faded altar of an unknown god.
  1207 | D:2      | Succumbed to an adder's poison

Illustrated notes

Levels and vault maps discovered:
D:1:      amcnicky_arrival_underground_garden, layout_basic,
          dreamdust_ecumenical_altar_hidden_monk_grotto
D:2:      layout_basic, minmay_tromino_v4_c

Skill      XL: |  1  2 |
---------------+-------+-----
Stealth        | 2 |  2.0
Dodging        | 3 |  3.0
Fighting       | |  1.9
Ranged Weapons | |  5.6

Action                   || total
-------------------------++-------
 Fire: Shortbow          ||    52
  Use: Potion            ||     3
Armor: Leather armour    ||     4
Dodge: Dodged            ||    15
